 Dungeon Crawl Stone Soup version 0.23-a0-386-g9c9d49f (webtiles) character file.

4215 emperorscorpion the Grappler (level 10, 0/144 HPs)
             Began as a Troll Berserker on Oct 28, 2018.
             Was a Believer of Trog.
             Slain by an orc warrior
             ... wielding a +0 trident
              (4 damage)
             ... on level 11 of the Dungeon.
             The game lasted 00:04:40 (1288 turns).

emperorscorpion the Grappler (Troll Berserker)      Turns: 1288, Time: 00:04:41

Health: 0/144      AC:  6    Str: 35    XL:     10   Next: 9%
Magic:  9/9        EV: 15    Int:  3    God:    Trog [**....]
Gold:   87         SH:  0    Dex:  9    Spells: 9/9 levels left

rFire    . . .     SeeInvis .     - Unarmed
rCold    . . .     Gourm    +   (no shield)
rNeg     . . .     Faith    .   a - +0 animal skin
rPois    .         Spirit   .   (helmet restricted)
rElec    .         Reflect  .   (no cloak)
rCorr    .         Harm     .   (gloves unavailable)
MR       .....                  (boots unavailable)
Stlth    ..........             (no amulet)
HPRegen  0.74/turn              l - +1 ring of protection
MPRegen  0.11/turn              q - +3 ring of evasion

@: berserking (expiring), very quick
A: large, unfitting armour, claws 3, fast metabolism 3, gourmand, regeneration
1, shaggy fur 1, tough skin 2
a: Berserk, Trog's Hand, Renounce Religion


You were on level 11 of the Dungeon.
You worshipped Trog.
Trog was pleased with you.
You were not hungry.

You visited 1 branch of the dungeon, and saw 9 of its levels.

You collected 87 gold pieces.

Inventory:

Missiles
 n - a throwing net
 o - 5 tomahawks (quivered)
 p - 8 poisoned needles
Armour
 a - a +0 animal skin (worn)
Jewellery
 l - a +1 ring of protection (left claw)
 q - a +3 ring of evasion (right claw)
 t - an uncursed ring of magical power {unknown}
Scrolls
 d - a scroll of noise {unknown}
 e - a scroll of magic mapping {unknown}
 g - a scroll of enchant weapon {unknown}
 i - a scroll of blinking {unknown}
 k - a scroll of remove curse {unknown}
 m - a scroll of teleportation {unknown}
 r - 3 scrolls of identify {unknown}
Potions
 c - 2 potions of lignification {unknown}
 f - a potion of berserk rage {unknown}
 h - a potion of invisibility {unknown}
 j - a potion of curing {unknown}
 s - a potion of degeneration {unknown}
Comestibles
 b - 5 rations


   Skills:
 + Level 5.3 Fighting
 + Level 6.1 Dodging
 + Level 1.2 Stealth
 + Level 11.7 Unarmed Combat


You had 9 spell levels left.
You didn't know any spells.
Your spell library contained the following spells:

 Spells                   Type           Power        Failure   Level  Hunger
 Animate Skeleton         Necr           N/A          52%         1    ##.....
 Apportation              Tloc           #.....       52%         1    ##.....
 Confusing Touch          Hex            #.....       52%         1    ##.....
 Summon Small Mammal      Summ           #...         52%         1    ##.....


Dungeon Overview and Level Annotations

Branches:
Dungeon (11/15)
 Temple: D:4-7         Lair: D:8-11         Orc: D:9-12

Altars:
Qazlal
Ru
Zin


Innate Abilities, Weirdness & Mutations

You are too large for most types of armour.
You have claws for hands.
Your metabolism is lightning-fast.
You like to eat raw meat.
Your natural rate of healing is unusually fast.
You are covered in fur. (AC +1)
You have very tough skin. (AC +2)


Message History

Trog accepts your kill.
The orc priest begins to cast a cantrip, but forgets the words!
You claw the orc!
You kill the orc!
Trog accepts your kill.
The orc warrior hits you from afar with a +0 trident!
* * * LOW HITPOINT WARNING * * *
You eviscerate the orc priest!!!
You kill the orc priest!
Trog accepts your kill.
You claw the orc priest!
The orc priest is severely wounded.
The orc warrior closely misses you.
The orc priest casts a cantrip, but nothing happens.
The orc priest hits you with a +0 flail.
* * * LOW HITPOINT WARNING * * *
You barely miss the orc priest.
The orc priest is severely wounded.
The orc warrior hits you from afar with a +0 trident.
You die...

#.....c.# ....
#......c######## ....#
#.......c......###...##
###.......c..............
...........(....(........
...........#####(........
...........# #.oo......
...........# #ooa......
#########..# #@#######. #
#..# #)# # #..# #(# +
#..# #.# # #........# #
#........# ...#
####....(. ...+ #.#####
...# #.


You could see an orc warrior, a worker ant, 2 orc priests and an orc.

Vanquished Creatures
  Erolcha (D:9)
  2 two-headed ogres
  Psyche (D:8)
  A warg (D:11)
  An orc warrior (D:8)
  3 ogres
  2 crocodiles
  6 centaurs
  2 bullfrogs
  A wyvern skeleton (D:11)
  5 killer bees (D:9)
  5 wights (D:8)
  A crimson imp (D:11)
  A quasit (D:8)
  A hound (D:8)
  2 orc priests (D:11)
  An orc wizard (D:8)
  2 worker ants
  3 adders
  A leopard gecko (D:3)
  4 orcs
  2 bats
  2 giant cockroaches
  A goblin (D:1)
  A hobgoblin (D:9)
  2 jackals (D:9)
  2 kobolds
  2 quokkas
  A jackal skeleton (D:8)
  A leopard gecko skeleton (D:8)
  A quokka zombie (D:8)
61 creatures vanquished.

Notes
Turn   | Place    | Note
-------+----------+-------------------------------------------
     0 | D:1      | emperorscorpion the Troll Berserker began the quest for the
                  | Orb.
     0 | D:1      | Reached XP level 1. HP: 22/22 MP: 0/0
   102 | D:3      | Reached XP level 2. HP: 29/29 MP: 1/1
   201 | D:4      | Noticed an ogre
   207 | D:4      | Killed an ogre
   207 | D:4      | Reached skill level 4 in Unarmed Combat
   207 | D:4      | Reached XP level 3. HP: 37/37 MP: 2/2
   207 | D:4      | Reached XP level 4. HP: 45/45 MP: 3/3
   279 | D:4      | Found a stormy altar of Qazlal.
   288 | D:4      | You fall through a shaft for 3 floors!
   394 | D:8      | Noticed an orc warrior
   403 | D:8      | Reached XP level 5. HP: 46/53 MP: 4/4
   408 | D:8      | HP: 3/79 [orc warrior/+0 trident (16)]
   410 | D:8      | Killed an orc warrior
   502 | D:8      | Reached skill level 5 in Unarmed Combat
   537 | D:8      | Reached XP level 6. HP: 60/61 MP: 5/5
   580 | D:8      | Found a glowing silver altar of Zin.
   601 | D:8      | Reached ** piety under Trog
   722 | D:8      | Noticed an orc warrior
   751 | D:8      | Noticed a two-headed ogre
   755 | D:8      | Reached XP level 7. HP: 68/68 MP: 6/6
   760 | D:8      | Killed a two-headed ogre
   760 | D:8      | Reached skill level 7 in Unarmed Combat
   760 | D:8      | Reached XP level 8. HP: 78/78 MP: 7/7
   805 | D:8      | Reached skill level 8 in Unarmed Combat
   820 | D:8      | Reached skill level 5 in Dodging
   884 | D:8      | Noticed Psyche
   892 | D:8      | Killed Psyche
   892 | D:8      | Reached skill level 9 in Unarmed Combat
   959 | D:9      | Reached XP level 9. HP: 85/85 MP: 8/8
  1024 | D:9      | Noticed Erolcha
  1034 | D:9      | Killed Erolcha
  1034 | D:9      | Reached skill level 5 in Fighting
  1034 | D:9      | Reached skill level 1 in Stealth
  1034 | D:9      | Reached skill level 10 in Unarmed Combat
  1085 | D:9      | Found a sacrificial altar of Ru.
  1102 | D:10     | Entered Level 10 of the Dungeon
  1242 | D:11     | Noticed a two-headed ogre
  1264 | D:11     | Killed a two-headed ogre
  1264 | D:11     | Reached skill level 11 in Unarmed Combat
  1272 | D:11     | Reached XP level 10. HP: 60/96 MP: 9/9
  1287 | D:11     | HP: 3/144 [orc priest/+0 flail (6)]
  1288 | D:11     | Slain by an orc warrior

Vault maps used:
D:1:      sevenhm_arrival_forest_fort_small_3
D:2:      hangedman_abyss_or_decor_stabs
D:4:      nicolae_overflow_hidden_temple, grunt_qazlal_sundering,
          old_standard_altar, minmay_lizard_king, uniq_blork_the_orc
D:7:      lightli_temple_of_fire, grunt_temple_overflow_open,
          minmay_temple_entry_hall, uniq_duvessa
D:8:      kennysheep_little_box, uniq_psyche
D:9:      nicolae_gozag_zags_fifth_avenue, nicolae_ru_great_annihilating_truth,
          uniq_maurice, uniq_erolcha
D:10:     minmay_the_grid_octo_tiled_squarecenter, nicolae_underground_beach,
          uniq_joseph
D:11:     erik_lair_orcish_takeover, serial_shops, shop

Skill      XL: |  1  2  3  4  5  6  7  8  9 |
---------------+----------------------------+-----
Fighting       | 3 4 5 |  5.3
Dodging        | 3 4 5 6 |  6.1
Unarmed Combat | 4 5 7 9 11 | 11.7
Stealth        | 1 |  1.2

Action                   |  1- 3 |  4- 6 |  7- 9 | 10-12 || total
-------------------------+-------+-------+-------+-------++-------
Melee: Unarmed           |    23 |    34 |    91 |    14 ||   162
       Punch             |       |       |     5 |     1 ||     6
Invok: Berserk           |     1 |     3 |     5 |       ||     9
 Stab: Sleeping          |     1 |       |       |       ||     1
       Paralysed         |       |       |     1 |       ||     1
  Eat: Chunk             |     3 |    12 |     6 |       ||    21
Armor: Animal skin       |    10 |     7 |     7 |     1 ||    25
Dodge: Dodged            |    10 |    15 |    50 |     9 ||    84

Table legend:
 A = Non-vault XP
 B = Vault XP
 C = Vault XP percentage of total XP
 D = Non-vault monster count
 E = Vault monster count
 F = Vault count percentage of total count
                 A         B        C        D         E       F
            +---------+---------+-------+---------+---------+-------
      Total |    4359 |    1663 |  27.6 |      51 |      10 |  16.4
            +---------+---------+-------+---------+---------+-------
        D:1 |       4 |       0 |   0.0 |       2 |       0 |   0.0
        D:2 |       2 |       0 |   0.0 |       1 |       0 |   0.0
        D:3 |      33 |       0 |   0.0 |       5 |       0 |   0.0
        D:4 |     118 |       0 |   0.0 |       1 |       0 |   0.0
        D:8 |    2083 |     424 |  16.9 |      24 |       1 |   4.0
        D:9 |     412 |     986 |  70.5 |       8 |       5 |  38.5
       D:10 |     107 |       0 |   0.0 |       1 |       0 |   0.0
       D:11 |    1600 |     253 |  13.7 |       9 |       4 |  30.8
            +---------+---------+-------+---------+---------+-------
